 Dungeon Crawl Stone Soup version 0.15.1-3-g1b33baa (webtiles) character file.

515 Johnny the Chiller (level 6, 0/50 HPs)
             Began as a Demigod Ice Elementalist on Oct 4, 2014.
             Slain by Johnny's ghost (1 damage)
             ... on Level 4 of the Dungeon.
             The game lasted 00:11:03 (3266 turns).

Johnny the Chiller (Demigod Ice Elementalist)       Turns: 3266, Time: 00:11:03

HP   0/50        AC  6     Str 11      XL: 6   Next: 67%
MP   3/17        EV 12     Int 22      God:
Gold 147         SH  0     Dex 18      Spells:  2 memorised,  6 levels left

rFire  . . .     SeeInvis .     s - +4 quarterstaff (chaos)
rCold  . . .     Clarity  +     B - +0 troll leather armour
rNeg   . . .     rCorr    .     (no shield)
rPois  .         rRot     .     (helmet restricted)
rElec  .         Spirit   .     t - +0 cloak
SustAb .         Warding  .     o - +0 pair of gloves
rMut   .         Stasis   .     (no boots)
Gourm  .                        (no amulet)
MR     .....                    (no ring)
                                (no ring)

@: lethally poisoned, very slightly contaminated, slowed, invisible, very slow,
not resistant to hostile enchantments, unstealthy
A: horns 1, clarity
a: no special abilities


You were on level 4 of the Dungeon.
You were very hungry.

You visited 1 branch of the dungeon, and saw 4 of its levels.

You collected 147 gold pieces.

Inventory:

Hand weapons
 s - a +4 quarterstaff of chaos (weapon)
 A - a +1 dagger of speed
Armour
 g - a +0 helmet
 o - a +0 pair of gloves (worn)
 t - a +0 cloak (worn)
 x - a cursed +0 ring mail
 B - a +0 troll leather armour (worn)
Comestibles
 c - a bread ration
 f - a beef jerky
 i - 5 meat rations
Scrolls
 a - a scroll of magic mapping {unknown}
 d - a scroll of identify
 h - a scroll of enchant weapon {unknown}
 j - 2 scrolls of remove curse
 m - 2 scrolls of amnesia {unknown}
 n - 3 scrolls of teleportation {unknown}
 q - a scroll of fog {unknown}
 r - 2 scrolls of blinking {unknown}
 w - a scroll of random uselessness {unknown}
 y - a scroll of immolation {unknown}
Potions
 e - a potion of might
 k - a potion of brilliance
 p - a potion of poison {unknown}
 u - a potion of confusion {unknown}
 v - a potion of curing {unknown}
 z - a potion of degeneration {unknown}
 C - a potion of invisibility {unknown}
Books
 b - a book of Frost

   Spells                             Type                      Level
   *Freeze                            Ice                          1
   Throw Frost                        Conjuration/Ice              2
   Ozocubu's Armour                   Charms/Ice                   3
   Throw Icicle                       Conjuration/Ice              4
   *Summon Ice Beast                  Ice/Summoning                4
   Condensation Shield                Ice                          4


   Skills:
 * Level 2.7 Fighting
 + Level 2.1 Armour
 + Level 2.4 Dodging
 + Level 2.7 Stealth
 * Level 3.2 Spellcasting
   Level 0.8 Conjurations
 * Level 1.6 Summonings
 * Level 4.0 Ice Magic


You had 6 spell levels left.
You knew the following spells:

 Your Spells              Type           Power        Failure   Level  Hunger
a - Freeze                Ice            ###.         2%          1    None
b - Summon Ice Beast      Ice/Summ       ###.....     38%         4    ####...


Dungeon Overview and Level Annotations

Branches:
Dungeon (4/15)
 Temple: D:4-7

Annotations:
D:4 Johnny's ghost, average DgIE


Innate Abilities, Weirdness & Mutations

You have a pair of small horns on your head.
You possess an exceptional clarity of mind.


Message History

Unknown command.
You hit Johnny's ghost.
Johnny's ghost seems to speed up.
Your headbutt misses Johnny's ghost.
Johnny's ghost is lightly damaged.
You are feeling very hungry.
You feel sick. Johnny's ghost hits you.
You are electrocuted!
* * * LOW HITPOINT WARNING * * *
Your ice beast barely misses Johnny's ghost.
Johnny's ghost points at you and mumbles some strange words.
* * * LOW HITPOINT WARNING * * *
Your ice beast hits Johnny's ghost.
Your ice beast freezes Johnny's ghost.
Johnny's ghost resists.
Johnny's ghost says to your ice beast, "An ice sculpture of you would look very nice here."
Johnny's ghost hits your ice beast!
Drink which item? (? for menu, Esc to quit)
Okay, then.
Johnny's ghost hits you.
* * * LOW HITPOINT WARNING * * *
Johnny's ghost burns you.
You die...

##.##.# #....#
#....#
#....#########
####..#.........#
..........######.#
#####.#..# .#
..#####.#..###..#
.........YW@....#
#.####.#........#
# #..#######
#.....%.#
#.......#
.........#
##.......#
........# ######.#


You could see Johnny's ghost and a friendly ice beast.

Vanquished Creatures
  The ghost of gigot the Shield-Bearer, an average GrFi (D:3)
  An ogre (D:4)
  A scorpion (D:4)
  Crazy Yiuf (D:2)
  2 worker ants (D:4)
  6 adders
  2 giant mites
  A worm (D:3)
  An iguana skeleton (D:4)
  3 giant geckos (D:3)
  An ooze (D:2)
  An orc (D:3)
  14 bats
  6 hobgoblins
  3 jackals (D:1)
  11 kobolds
  A quokka (D:3)
  6 giant cockroaches
  6 giant newts
  10 goblins
  13 rats
91 creatures vanquished.

Vanquished Creatures (collateral kills)
  Menkaure (D:4)
  A hobgoblin (D:4)
2 creatures vanquished.

Vanquished Creatures (others)
  An ice beast (D:4)
1 creature vanquished.

Grand Total: 94 creatures vanquished

Notes
Turn   | Place    | Note
--------------------------------------------------------------
     0 | D:1      | Johnny, the Demigod Ice Elementalist, began the quest for the Orb.
     0 | D:1      | Reached XP level 1. HP: 14/14 MP: 3/3
   265 | D:1      | Reached XP level 2. HP: 16/22 MP: 1/4
   750 | D:1      | Reached skill level 3 in Ice Magic
   750 | D:1      | Reached XP level 3. HP: 27/27 MP: 8/8
  1112 | D:2      | Reached skill level 1 in Armour
  1277 | D:2      | Noticed Crazy Yiuf
  1282 | D:2      | Killed Crazy Yiuf
  1282 | D:2      | Reached skill level 1 in Fighting
  1410 | D:2      | Reached XP level 4. HP: 35/35 MP: 6/11
  1428 | D:2      | Learned a level 4 spell: Summon Ice Beast
  1488 | D:2      | Found a shattered altar of Ashenzari.
  2064 | D:3      | Reached XP level 5. HP: 41/41 MP: 12/12
  2568 | D:3      | Noticed gigot's ghost (average GrFi)
  2690 | D:2      | Gained mutation: You possess an exceptional clarity of mind. [potion of beneficial mutation]
  2691 | D:2      | Gained mutation: You have a pair of small horns on your head. [potion of beneficial mutation]
  2747 | D:3      | Killed gigot's ghost
  2747 | D:3      | Reached skill level 1 in Summonings
  3017 | D:4      | Noticed Menkaure
  3023 | D:4      | Noticed an ogre
  3036 | D:4      | Killed an ogre
  3036 | D:4      | Reached XP level 6. HP: 48/50 MP: 0/17
  3050 | D:4      | Killed Menkaure
  3252 | D:4      | Reached skill level 4 in Ice Magic
  3259 | D:4      | Noticed Johnny's ghost (average DgIE)
  3265 | D:4      | HP: 2/50 [Johnny's ghost (12)]
  3266 | D:4      | Slain by Johnny's ghost

Action                   |  1- 3 |  4- 6 || total
-------------------------+-------+-------++-------
Melee: Unarmed           |    34 |       ||    34
       Mace              |    33 |       ||    33
       Club              |     3 |       ||     3
       Quarterstaff      |     4 |   114 ||   118
 Cast: Freeze            |    52 |    17 ||    69
       Summon Ice Beast  |       |     4 ||     4
  Use: Scroll            |       |     4 ||     4
       Potion            |       |     3 ||     3
 Stab: Sleeping          |     1 |     5 ||     6
       Confused          |       |     2 ||     2
  Eat: Chunk             |     2 |     5 ||     7
       Royal jelly       |       |     1 ||     1
